 Dungeon Crawl Stone Soup version 0.27-a0-906-g0a00ce863d (webtiles) character file.

Game seed: 10462082291957238454

989 srzhan31 the Thaumaturge (level 8, -4/50 HPs)
             Began as a Djinni Earth Elementalist on Apr 7, 2021.
             Slain by a vampire (6 damage)
             ... on level 5 of the Dungeon.
             The game lasted 00:11:10 (5462 turns).

srzhan31 the Thaumaturge (DjEE)                     Turns: 5462, Time: 00:11:11

Health: -4/50      AC:  3    Str:  7    XL:     8   Next: 18%
Gold:   182        EV: 17    Int: 19    God:
                   SH:  0    Dex: 14

rFire    + + .     SeeInvis .   (no weapon)
rCold    x . .     Faith    .   (no shield)
rNeg     . . .     Spirit   .   c - +0 robe
rPois    ∞         Reflect  .   g - +0 helmet
rElec    .         Harm     .   n - scarf {repulsion}
rCorr    .         Rampage  .   (no gloves)
Will     .....                  (boots unavailable)
Stlth    ++........             (no amulet)
HPRegen  0.16/turn              d - +4 ring of evasion
MPRegen  0.00/turn              (no ring)

@: flying, repel missiles
A: fire resistance 2, cold vulnerability 1, float, innate caster, hp casting,
extra vitality 1
a: no special abilities


You were on level 5 of the Dungeon.
You visited 2 branches of the dungeon, and saw 6 of its levels.

You collected 182 gold pieces.

Inventory:

Hand Weapons
 f - a +1 spear of flaming
Missiles
 b - 49 stones (quivered)
Armour
 c - a +0 robe (worn)
 g - a +0 helmet (worn)
 n - a scarf of repulsion (worn)
Jewellery
 d - a +4 ring of evasion (left hand)
Wands
 m - a wand of random effects (8)
Scrolls
 e - a scroll of fog {unknown}
 i - a scroll of blinking {unknown}
 j - a scroll of noise {unknown}
 l - a scroll of magic mapping {unknown}
 s - a scroll of enchant weapon {unknown}
Potions
 a - a potion of invisibility {unknown}
 k - 2 potions of attraction {unknown}
 o - 3 potions of lignification {unknown}
 p - a potion of brilliance {unknown}
 q - a potion of resistance {unknown}
 r - a potion of magic {unknown}


   Skills:
 + Level 3.2 Dodging
 - Level 1.7 Stealth
 + Level 8.0 Spellcasting


You had 2 spell levels left.
You knew the following spells:

 Your Spells              Type           Power      Damage    Failure   Level
a - Sandblast             Erth           76%        2d16      1%          1
b - Passwall              Tmut/Erth      31%        N/A       1%          2
c - Stone Arrow           Conj/Erth      76%        3d11      1%          3
d - Petrify               Tmut/Erth      38%        N/A       3%          4
e - Lee's Rapid Deconstr  Erth           19%        3d12*     10%         5
f - Corona                Hex            42%        N/A       1%          1
g - Call Imp              Summ           38%        N/A       1%          2
h - Frozen Ramparts       Ice            76%        1d9       1%          3
Your spell library was empty.

Dungeon Overview and Level Annotations

Branches:
Dungeon (5/15)             Temple (1/1) D:4

Altars:
Ashenzari
Cheibriados
Elyvilon
Fedhas
Gozag
Hepliaklqana
Kikubaaqudgha
Nemelex Xobeh
Okawaru
Qazlal
Ru
Sif Muna
Uskayaw
Vehumet
Wu Jian
Xom
Yredelemnul
The Shining One

Shops:
D:1 ?   D:3 *([


Innate Abilities, Weirdness & Mutations

You are immune to poison.
Your flesh is very heat resistant. (rF++)
You are vulnerable to cold. (rC-)
You float through the air rather than walking.
You learn spells naturally, not from books.
Your magical power is your life essence.
You have superior vitality. (+4 HP)


Message History

The blast of sand misses the vampire.
Aiming: Sandblast (safe; 1% risk of failure)
Press: ? - help, Q - select action, (/) - cycle Shift-Dir - straight line, f/p - vampire
Aim: a vampire (18% to evade)
The blast of sand hits the vampire.
The vampire is lightly damaged.
Unknown command.
Aiming: Sandblast (safe; 1% risk of failure)
Press: ? - help, Q - select action, (/) - cycle Shift-Dir - straight line, f/p - vampire
Aim: a vampire (lightly damaged, 18% to evade)
The blast of sand hits the vampire.
The vampire is moderately damaged.
The vampire gestures at you while chanting.
You are confused.
You bump into the rock wall.
The vampire hits you! The vampire bites you!
You bump into the rock wall.
The vampire hits you! The vampire bites you.
* * * LOW HITPOINT WARNING * * *
You bump into the rock wall.
You are too confused!
You bump into the rock wall.
You feel less confused.
The vampire points at itself and mumbles some strange words.
The vampire flickers and vanishes!
Deactivating autopickup; reactivate with Ctrl-A.
You see here 6 stones.
Throw: 2 throwing nets
Press: ? - help, Q - select action, (/) - cycle Shift-Dir - straight line You throw a throwing net.
Something hits you.
* * * LOW HITPOINT WARNING * * *
Something bites you!
* * * LOW HITPOINT WARNING * * *
Throw: throwing net
Press: ? - help, Q - select action, (/) - cycle Shift-Dir - straight line
Okay, then.
Throw: throwing net
Press: ? - help, Q - select action, (/) - cycle Shift-Dir - straight line You throw a throwing net.
Something hits you.
You die...

.♣♣§P #.# §♣§♣ #.#
§§♣♣. ##.## ....#
##...## #.♣## .....
..♣# ... #### ..P###
#.# ...
.....#####.######.#
#.♣P....((.....(@.#
..♣.######.########
P...# #.#
...♣♣#####.####
).♣..#........#
).♣..#.###.##.#
.♣♣.♣#.##...#.#
...♣........#.#########
...♣...##.............#


There were no monsters in sight!

Vanquished Creatures
  A wyvern (D:5)
  Blork the orc (D:4)
  A water moccasin zombie (D:5)
  2 scorpions
  A water moccasin skeleton (D:4)
  Dowan (D:4)
  2 bullfrog zombies (D:5)
  A hound (D:5)
  2 orc priests (D:5)
  A gnoll shaman (D:4)
  A hound skeleton (D:4)
  9 gnolls
  5 adders
  2 river rats (D:5)
  A shadow imp (D:4)
  An adder skeleton (D:4)
  2 dart slugs
  7 orcs
  4 bats
  An endoplasm (D:3)
  12 giant cockroaches
  4 goblins
  6 hobgoblins
  3 jackals (D:4)
  5 kobolds
  2 quokkas (D:1)
  4 ball pythons
  4 frilled lizards
  5 rats
91 creatures vanquished.

Vanquished Creatures (collateral kills)
  Duvessa (D:4)
1 creature vanquished.

Vanquished Creatures (others)
  66 plants (D:5)
66 creatures vanquished.

Grand Total: 158 creatures vanquished

Notes
Turn   | Place    | Note
-------+----------+-------------------------------------------
     0 | D:1      | srzhan31 the Djinni Earth Elementalist began the quest for
                  | the Orb.
     0 | D:1      | Reached XP level 1. HP: 15/15 MP: 0/0
   114 | D:1      | Reached skill level 3 in Spellcasting
   114 | D:1      | Reached XP level 2. HP: 14/21 MP: 0/0
   335 | D:1      | Found Jene Huet's Magic Scroll Emporium.
   949 | D:2      | Reached XP level 3. HP: 23/25 MP: 0/0
   949 | D:2      | Learned a level 1 spell: Corona
  1108 | D:2      | Found a faded altar of an unknown god.
  1650 | D:3      | You are sucked into a shaft and drop 2 floors!
  1650 | D:5      | Entered Level 5 of the Dungeon
  1697 | D:5      | Found a stormy altar of Qazlal.
  1712 | D:5      | Reached skill level 4 in Spellcasting
  1712 | D:5      | Reached XP level 4. HP: 8/31 MP: 0/0
  1952 | D:5      | Reached XP level 5. HP: 27/35 MP: 0/0
  1952 | D:5      | Learned a level 2 spell: Call Imp
  2184 | D:4      | Found a hide-covered altar of Uskayaw.
  2184 | D:4      | Found a blossoming altar of Fedhas.
  2218 | D:5      | Reached skill level 5 in Spellcasting
  2220 | D:5      | Reached XP level 6. HP: 17/40 MP: 0/0
  2580 | D:4      | Found a staircase to the Ecumenical Temple.
  2645 | Temple   | Entered the Ecumenical Temple
  2792 | D:4      | Noticed Blork the orc
  2797 | D:4      | Killed Blork the orc
  2894 | D:4      | Reached skill level 6 in Spellcasting
  2896 | D:4      | Reached XP level 7. HP: 30/45 MP: 0/0
  2896 | D:4      | Learned a level 3 spell: Frozen Ramparts
  3006 | D:4      | Noticed Duvessa
  3006 | D:4      | Noticed Dowan
  3525 | D:3      | Found Haobbanwo's Weapon Shoppe.
  3533 | D:3      | Found Puidwoah's General Store.
  3795 | D:3      | Found Iloygori's Antique Armour Shop.
  4282 | D:4      | Killed Dowan
  4325 | D:4      | Killed Duvessa
  4643 | D:4      | Reached skill level 7 in Spellcasting
  5251 | D:5      | Noticed a wyvern
  5260 | D:5      | Killed a wyvern
  5261 | D:5      | Reached XP level 8. HP: 34/50 MP: 0/0
  5398 | D:5      | Found an iron altar of Okawaru.
  5423 | D:5      | Reached skill level 8 in Spellcasting
  5445 | D:5      | Noticed a vampire
  5460 | D:5      | HP: 2/50 [something (11)]
  5462 | D:5      | Slain by a vampire

Illustrated notes

Levels and vault maps discovered:
D:1:      dpeg_arrival_tiny_a, layout_rooms, serial_shops,
          nicolae_shop_temple_entry_statues_fountains
D:2:      layout_basic, shapermc_ecumenical_altar_notcrosses
D:3:      minmay_roachtagon, layout_basic, serial_shops, nicolae_shop_crystal,
          nicolae_shop_stone, shop_fountains
D:4:      layout_gridville, nicolae_overflow_hidden_temple,
          minmay_temple_entry_grid, serial_co_window_serial, co_window_paths_a,
          co_window_of_opportunity_a, co_window_paths_b, co_window_paths_a,
          co_window_corner_a, co_window_paths_a, co_window_of_opportunity_a,
          co_window_paths_a, co_window_paths_a, co_window_corner_b,
          co_window_corner_b, co_window_2corner, co_window_corner_cb,
          co_window_cross_2, glass_columns_a, glass_columns_a, glass_columns_c,
          glass_columns_c, uniq_blork_the_orc, uniq_duvessa
D:5:      wad_woods_stonehenge, layout_loops_corners, lemuel_tele_altar
Temple:   eino_wide_crystal_templ

Skill      XL: |  1  2  3  4  5  6  7  8 |
---------------+-------------------------+-----
Spellcasting   | 3 4 5 6 7 8 |  8.0
Dodging        | 3 |  3.2
Stealth        | |  1.7

Action                   |  1- 3 |  4- 6 |  7- 9 || total
-------------------------+-------+-------+-------++-------
Throw: Throwing net      |       |       |     2 ||     2
 Cast: Sandblast         |    40 |    44 |    88 ||   172
       Call Imp          |       |       |     5 ||     5
       Frozen Ramparts   |       |       |     2 ||     2
  Use: Potion            |     1 |       |       ||     1
Armor: Robe              |       |     2 |     4 ||     6
Dodge: Dodged            |     6 |    24 |    40 ||    70

Table legend: (Time is in decaauts)
 A = Elapsed time spent in this place.
 B = Non-inter-level travel time spent in this place.
 C = Inter-level travel time spent in this place.
 D = Time resting spent in this place.
 E = Time spent auto-exploring this place.
 F = Levels seen in this place.
 G = Mean time per level.
                   A        B        C        D        E       F      G
               +--------+--------+--------+--------+--------+-----+--------+
         Total |   5472 |   5251 |    221 |      0 |   4544 |   6 |  912.0 |
       Dungeon |   5398 |   5199 |    199 |      0 |   4494 |   5 | 1079.6 |
        Temple |     73 |     51 |     22 |      0 |     50 |   1 |   73.0 |
               +--------+--------+--------+--------+--------+-----+--------+

Top non-repeatable levels by time:
     D:4: 1578 daAuts
     D:5: 1366 daAuts
     D:2: 829 daAuts
     D:1: 820 daAuts
     D:3: 803 daAuts
  Temple: 73 daAuts
